 Dungeon Crawl Stone Soup version 0.28-a0-1236-gb25a51b929 (webtiles) character file.

Game seed: 8235656813599341767

58 dolemite99 the Chiller (level 4, 0/32 HPs)
             Began as a Gnoll Ice Elementalist on Dec 25, 2021.
             Was a Believer of Sif Muna.
             Slain by Sigmund (4 damage)
             ... on level 2 of the Dungeon.
             The game lasted 00:02:45 (2258 turns).

dolemite99 the Chiller (Gnoll Ice Elementalist)     Turns: 2258, Time: 00:02:46

Health: 0/32       AC:  3    Str:  7    XL:     4   Next: 1%
Magic:  8/11       EV: 13    Int: 17    God:    Sif Muna [**....]
Gold:   91         SH:  0    Dex: 12    Spells: 9/13 levels left

rFire   . . .      SeeInvis .   c - +0 dagger
rCold   . . .      Faith    .   (no shield)
rNeg    . . .      Spirit   .   a - +0 robe
rPois   .          Reflect  .   (no helmet)
rElec   .          Harm     .   (no cloak)
rCorr   .          Rampage  .   b - +0 pair of gloves
Will    .....                   (no boots)
Stlth   +.........              (no amulet)
HPRegen 0.10/turn               (no ring)
MPRegen 0.12/turn               (no ring)

@: confused, freezing walls
A: fangs 1, strong nose, distributed training
a: Renounce Religion, Channel Magic


You were on level 2 of the Dungeon.
You worshipped Sif Muna.
Sif Muna was pleased with you.
You visited 1 branch of the dungeon, and saw 3 of its levels.

You collected 91 gold pieces.

Inventory:

Hand Weapons
 c - a +0 dagger (weapon)
 i - a +0 hunting sling
Armour
 a - a +0 robe (worn)
 b - a +0 pair of gloves (worn)
 m - a +0 helmet
Magical Staves
 p - a staff of cold
Jewellery
 h - a +6 ring of dexterity
Scrolls
 f - 2 scrolls of blinking {unknown}
 g - a scroll of teleportation {unknown}
 k - a scroll of enchant weapon {unknown}
 o - a scroll of noise {unknown}
 q - a scroll of identify {unknown}
 r - a scroll of magic mapping {unknown}
Potions
 d - a potion of heal wounds {unknown}
 e - a potion of degeneration {unknown}
 j - a potion of lignification {unknown}
 l - a potion of brilliance {unknown}
 n - 2 potions of curing {unknown}


   Skills:
 + Level 1.0 Fighting
 + Level 1.0 Short Blades
 + Level 1.0 Long Blades
 + Level 1.0 Axes
 + Level 1.0 Maces & Flails
 + Level 1.0 Polearms
 + Level 1.0 Staves
 + Level 1.0 Slings
 + Level 1.0 Bows
 + Level 1.0 Crossbows
 + Level 1.0 Throwing
 + Level 1.0 Armour
 + Level 4.6 Dodging
 + Level 4.2 Stealth
 + Level 1.0 Shields
 + Level 1.0 Unarmed Combat
 + Level 5.0 Spellcasting
 + Level 0.7 Conjurations
 + Level 0.7 Hexes
 + Level 0.7 Summonings
 + Level 0.7 Necromancy
 + Level 0.7 Translocations
 + Level 0.7 Transmutations
 + Level 0.7 Fire Magic
 + Level 7.1 Ice Magic
 + Level 0.7 Air Magic
 + Level 0.7 Earth Magic
 + Level 0.7 Poison Magic
 + Level 1.1 Invocations
 + Level 1.0 Evocations


You had 9 spell levels left.
You knew the following spells:

 Your Spells              Type           Power      Damage    Failure   Level
a - Freeze                Ice            100%       1d11      1%          1
b - Frozen Ramparts       Ice            56%        1d7       2%          3

Your spell library contained the following spells:

 Spells                   Type           Power      Damage    Failure   Level
 Ozocubu's Armour         Ice            28%        N/A       2%          3
 Hailstorm                Conj/Ice       17%        3d6       28%         4
 Stone Arrow              Conj/Erth      12%        3d7       30%         3
 Animate Armour           Summ/Erth      12%        N/A       71%         4
 Lehudib's Crystal Spear  Conj/Erth      3%         10d2      100%        8


Dungeon Overview and Level Annotations

Branches:
Dungeon (3/15)

Altars:
Sif Muna
Uskayaw

Shops:
D:3 [

Annotations:
D:1 exclusion: downstairs
D:2 Sigmund


Innate Abilities, Weirdness & Mutations

You have very sharp teeth.
Your uncanny sense of smell can sniff out nearby items.
Your experience applies equally to all skills.


Message History

Sigmund shouts!
The ball python hisses angrily.
A ball python is nearby!
A ball python is nearby!
Casting: Freeze (safe; 1% risk of failure)
Confirm with . or Enter, or press ? or * to list all spells.
Aiming: Freeze (safe; 1% risk of failure)
Press: ? - help, Shift-Dir - straight line, f - ball python
Aim: a ball python You freeze the ball python!
You kill the ball python!
Sif Muna accepts your kill.
You have reached level 4!
You feel clever.
You see here a ball python corpse.
Sigmund hits you from afar with a +0 scythe!
Sigmund says, "Don't worry, I'll kill you fast."
Sigmund gestures at you while chanting. The puff of flame misses you.
You start resting.
Sigmund is nearby!
Casting: Freeze (safe; 1% risk of failure)
Confirm with . or Enter, or press ? or * to list all spells.
Casting: Frozen Ramparts (dangerous; 2% risk of failure)
Press: ? - help, Dir - look around, f - activate The walls around you are covered in ice.
The wall freezes Sigmund.
Sigmund misses you.
Unknown command.
The wall freezes Sigmund.
Sigmund hits you from afar with a +0 scythe!
* * * LOW HITPOINT WARNING * * *
The wall freezes Sigmund.
Sigmund hits you from afar with a +0 scythe.
* * * LOW HITPOINT WARNING * * *
The wall freezes Sigmund.
Sigmund casts a spell at you.
You are confused.
The wall freezes Sigmund.
Sigmund hits you from afar with a +0 scythe.
You die...

....## #.......##.^..# #......
.....# .......##....# #...>..
.....######..##.##....## ###.###
.......................# #..#
.......##..............# #.##
..........÷..##†##.....## #.#
....##..÷....##.##......####.####
.#......###..##..#@.............#
..<.....###..###@#.......>......#
....##....#..##...@###..÷.......#
#..####............###..........#
...# #####..#......##..........#
.#.. ##...#.....##.....)....#
.#.. #..#.......##..........#
.#... #..###.....#############
.#...# #..........# #....#
##.####.....######


You could see Sigmund.

Vanquished Creatures
  3 dart slugs
  6 ball pythons
  A bat (D:1)
  4 endoplasms
  4 giant cockroaches
  3 goblins
  4 hobgoblins
  7 jackals (D:2)
  3 quokkas
  2 frilled lizards
  2 kobolds (D:3)
  4 rats
43 creatures vanquished.

Notes
Turn   | Place    | Note
-------+----------+-------------------------------------------
     0 | D:1      | dolemite99 the Gnoll Ice Elementalist began the quest for
                  | the Orb.
     0 | D:1      | Reached XP level 1. HP: 13/13 MP: 6/6
   297 | D:1      | Found a faded altar of an unknown god.
   305 | D:1      | Reached XP level 2. HP: 19/19 MP: 1/7
   459 | D:1      | Prayed at the altar of an unknown god.
   459 | D:1      | Became a worshipper of Sif Muna the Loreminder
   459 | D:1      | Reached * piety under Sif Muna
  1515 | D:2      | Reached skill level 5 in Spellcasting
  1515 | D:2      | Reached XP level 3. HP: 25/25 MP: 6/9
  1677 | D:2      | Reached skill level 1 in Invocations
  1741 | D:2      | Reached ** piety under Sif Muna
  1754 | D:2      | Noticed Sigmund
  1971 | D:3      | Reached skill level 1 in Fighting
  1971 | D:3      | Reached skill level 1 in Short Blades
  1971 | D:3      | Reached skill level 1 in Long Blades
  1971 | D:3      | Reached skill level 1 in Axes
  1971 | D:3      | Reached skill level 1 in Maces & Flails
  1971 | D:3      | Reached skill level 1 in Polearms
  1971 | D:3      | Reached skill level 1 in Staves
  1971 | D:3      | Reached skill level 1 in Slings
  1971 | D:3      | Reached skill level 1 in Bows
  1971 | D:3      | Reached skill level 1 in Crossbows
  1971 | D:3      | Reached skill level 1 in Throwing
  1971 | D:3      | Reached skill level 1 in Armour
  1971 | D:3      | Reached skill level 1 in Shields
  1971 | D:3      | Reached skill level 1 in Unarmed Combat
  1971 | D:3      | Reached skill level 1 in Evocations
  2034 | D:3      | Found Mimyaz's Armour Boutique.
  2086 | D:3      | Learned a level 3 spell: Frozen Ramparts
  2185 | D:2      | Found a hide-covered altar of Uskayaw.
  2237 | D:2      | Reached XP level 4. HP: 27/32 MP: 8/11
  2258 | D:2      | Slain by Sigmund

Illustrated notes

Levels and vault maps discovered:
D:1:      lemuel_arrival_broad_hall, layout_basic, basic_ecumenical_altar,
          serial_co_window_serial, co_window_corner_a, co_window_corner_a,
          co_window_cross_1, co_window_corner_a, co_window_corner_a,
          co_window_paths_a, co_window_corner_b, co_window_corner_b,
          co_window_of_opportunity_b, glass_columns_a, glass_columns_c,
          glass_columns_b, glass_columns_a
D:2:      layout_rooms, basic_altar, uniq_sigmund
D:3:      layout_loops_ring, serial_shops, shop

Skill      XL: |  1  2  3 |
---------------+----------+-----
Spellcasting   | 5 |  5.0
Invocations    | 1 |  1.1
Fighting       | 1 |  1.0
Short Blades   | 1 |  1.0
Long Blades    | 1 |  1.0
Axes           | 1 |  1.0
Maces & Flails | 1 |  1.0
Polearms       | 1 |  1.0
Staves         | 1 |  1.0
Slings         | 1 |  1.0
Bows           | 1 |  1.0
Crossbows      | 1 |  1.0
Throwing       | 1 |  1.0
Armour         | 1 |  1.0
Shields        | 1 |  1.0
Unarmed Combat | 1 |  1.0
Evocations     | 1 |  1.0
Dodging        | |  4.6
Stealth        | |  4.2
Conjurations   | |  0.7
Hexes          | |  0.7
Summonings     | |  0.7
Necromancy     | |  0.7
Translocations | |  0.7
Transmutations | |  0.7
Fire Magic     | |  0.7
Ice Magic      | |  7.1
Air Magic      | |  0.7
Earth Magic    | |  0.7
Poison Magic   | |  0.7

Action                   |  1- 3 |  4- 6 || total
-------------------------+-------+-------++-------
Melee: Unarmed           |     2 |       ||     2
       Dagger            |    20 |       ||    20
       Bite              |     1 |       ||     1
 Cast: Freeze            |    53 |       ||    53
       Frozen Ramparts   |       |     1 ||     1
 Stab: Sleeping          |     1 |       ||     1
Armor: Robe              |    13 |       ||    13
Dodge: Dodged            |    41 |     2 ||    43

Table legend: (Time is in decaauts)
 A = Elapsed time spent in this place.
 B = Non-inter-level travel time spent in this place.
 C = Inter-level travel time spent in this place.
 D = Time resting spent in this place.
 E = Time spent auto-exploring this place.
 F = Levels seen in this place.
 G = Mean time per level.
                   A        B        C        D        E       F      G
               +--------+--------+--------+--------+--------+-----+--------+
         Total |   2259 |   2180 |     79 |    306 |   1416 |   3 |  753.0 |
       Dungeon |   2259 |   2180 |     79 |    306 |   1416 |   3 |  753.0 |
               +--------+--------+--------+--------+--------+-----+--------+

Top non-repeatable levels by time:
     D:1: 1553 daAuts
     D:2: 456 daAuts
     D:3: 249 daAuts
